 Seeded DCSS version 0.29-a0-541-gaf1fc19f1b (webtiles) character file.

Game seed: 5998305543906830551 (custom seed)

3 swifteh the Slasher (level 1, -2/18 HPs)
             Began as a Minotaur Gladiator on June 2, 2022.
             Slain by a kobold
             ... wielding a +0 club
              (3 damage)
             ... on level 1 of the Dungeon.
             The game lasted 00:00:23 (142 turns).

swifteh the Slasher (Minotaur Gladiator)             Turns: 142, Time: 00:00:24

Health: -2/18      AC:  3    Str: 18    XL:     1   Next: 41%
Magic:  0/0        EV: 12    Int:  5    God:
Gold:   0          SH:  0    Dex: 11    Spells: 0/0 levels left

rFire   . . .      SeeInvis .   a - +0 long sword
rCold   . . .      Faith    .   (no shield)
rNeg    . . .      Spirit   .   b - +0 leather armour
rPois   .          Reflect  .   c - +0 hat
rElec   .          Harm     .   (no cloak)
rCorr   .          Rampage  .   (no gloves)
Will    .....                   (no boots)
Stlth   +.........              (no amulet)
HPRegen 0.06/turn               (no ring)
MPRegen 0.07/turn               (no ring)

@: no status effects
A: horns 2, retaliatory headbutt
a: no special abilities


You were on level 1 of the Dungeon.
You visited 1 branch of the dungeon, and saw 1 of its levels.

Inventory:

Hand Weapons
 a - a +0 long sword (weapon)
Missiles
 d - 3 throwing nets (quivered)
 e - a javelin
Armour
 b - a +0 leather armour (worn)
 c - a +0 hat (worn)
Scrolls
 f - a scroll of blinking {unknown}
 g - a scroll of enchant armour {unknown}


   Skills:
 + Level 2.4 Fighting
 + Level 3.9 Long Blades
 + Level 2.0 Throwing
 + Level 3.2 Dodging


You couldn't memorise any spells.
You didn't know any spells.
Your spell library was empty.

Dungeon Overview and Level Annotations

Branches:
Dungeon (1/15)

Altars:


Innate Abilities, Weirdness & Mutations

You have a pair of horns on your head.
You reflexively headbutt those who attack you in melee.


Message History

HP restored.
Found a whip.
A kobold comes into view. It is wielding a +0 club.
The kobold shouts!
The kobold moves out of view.
A ball python comes into view.
A kobold comes into view. It is wielding a +0 club.
You see here a +0 whip.
The kobold shouts!
The kobold hits you but does no damage.
You slash the kobold!
You kill the kobold!
Found a faded altar of an unknown god.
The ball python closely misses you. The ball python grabs you.
The ball python constricts you.
Things that are here:
a +0 club; a kobold corpse You hit the kobold but do no damage.
Your headbutt misses the kobold. The ball python barely misses you.
The ball python constricts you. The kobold hits you with a +0 club.
You barely miss the kobold. The ball python bites you.
The ball python constricts you. The kobold barely misses you.
You barely miss the kobold. Your headbutt misses the kobold.
The ball python closely misses you. The ball python constricts you.
The kobold hits you with a +0 club. The ball python bites you.
The ball python constricts you.
You closely miss the ball python. You headbutt the ball python.
You kill the ball python!
The kobold hits you with a +0 club.
You closely miss the kobold. The kobold hits you with a +0 club.
* * * LOW HITPOINT WARNING * * *
The kobold hits you with a +0 club.
* * * LOW HITPOINT WARNING * * *
You barely miss the kobold. The kobold hits you with a +0 club.
* * * LOW HITPOINT WARNING * * *
You barely miss the kobold. The kobold barely misses you.
You closely miss the kobold. The kobold barely misses you.
You hit the kobold.
The kobold is heavily wounded.
The kobold hits you with a +0 club.
You die...

# ##### ..8..∩.._ ....#
......... ###.#
#........ # #'#
#.♣..∩..∩ ###.####
####........ ..#.#..##
........... #.#.#.#.#
#.K8..∩... .#...#..#
#.@....... #.....######
#.........
...<.....+.####.)∩..♣..∩
#.....####....##...## #
.#...#..#.......####
#.#.#.#.#.....#.#
..#.#..##.....#.#
###.#####.....#.# ##+#
#.....#.#


You could see a kobold.

Vanquished Creatures
  A goblin (D:1)
  A kobold (D:1)
  A ball python (D:1)
3 creatures vanquished.

Notes
Turn   | Place    | Note
-------+----------+-------------------------------------------
     0 | D:1      | swifteh the Minotaur Gladiator began the quest for the Orb.
     0 | D:1      | Reached XP level 1. HP: 18/18 MP: 0/0
   133 | D:1      | Found a faded altar of an unknown god.
   142 | D:1      | Slain by a kobold

Illustrated notes

Levels and vault maps discovered:
D:1:      nzn_arrival_crosshair, layout_basic,
          hellmonk_ecumenical_altar_arch_garden

Action                   || total
-------------------------++-------
Melee: Long sword        ||    14
       Headbutt          ||     2
Armor: Leather armour    ||     2
Dodge: Dodged            ||     8

Table legend: (Time is in decaauts)
 A = Elapsed time spent in this place.
 B = Non-inter-level travel time spent in this place.
 C = Inter-level travel time spent in this place.
 D = Time resting spent in this place.
 E = Time spent auto-exploring this place.
 F = Levels seen in this place.
 G = Mean time per level.
                   A        B        C        D        E       F      G
               +--------+--------+--------+--------+--------+-----+--------+
         Total |    144 |    144 |      0 |      0 |    115 |   1 |  144.0 |
       Dungeon |    144 |    144 |      0 |      0 |    115 |   1 |  144.0 |
               +--------+--------+--------+--------+--------+-----+--------+

Top non-repeatable levels by time:
     D:1: 144 daAuts
